Unix NetHack Version 5.0.0-0 post-release - last build Jun 10 2026 00:39:30 (3ee93aec679c4c4259841fe613dc97188e26a321,branch:main).

Game began 2026-06-12 10:51:12, ended 2026-06-12 12:04:14.

Ch3Begorrah, chaotic male human Rogue

    ...
    .@.
    ...

Ch3Begorrah the Rogue   St:15 Dx:18 Co:14 In:10 Wi:13 Ch:11  Chaotic
Dlvl:13 $:263 HP:0(56) Pw:34(34) AC:2  Xp:7 T:4826  Hungry  

Latest messages:
 Do you want to add to the current engraving? [ynq] (y) y
 You add to the writing in the dust with your fingertip.
 What do you want to add to the writing in the dust here? 
 Never mind.
 What do you want to write with? [- j-morsyCEFHK or ?*] -
 Do you want to add to the current engraving? [ynq] (y) n
 You wipe out the message that was written in the dust here.
 You write in the dust with your fingertip.
 What do you want to write in the dust here? Elbereth
 The large kobold turns to flee.
 You strike the large kobold from behind!
 You kill the large kobold!
 The tengu appears next to you!
 What do you want to zap? [CE or ?*] ?
 In what direction? >
 You dig a hole through the ground.
 You fall through...
 The tengu bites!
 What do you want to write with? [- j-morsyCEFHK or ?*] -
 You write in the dust with your fingertip.
 What do you want to write in the dust here? ELbereth
 The tengu bites!
 What do you want to write with? [- j-morsyCEFHK or ?*] ?
 You wipe out the message that was written in the dust here.
 You engrave in the floor with a wand of digging.
 What do you want to engrave in the floor here? Elbereth
 Gravel flies up from the floor.
 The tengu turns to flee.
 What do you want to drink? [dghz or ?*] ?
 Magical energies course through your body.
 What do you want to drink? [ghz or ?*] g
 You have an uneasy feeling...
 Call a white potion: Uneasy
 What do you want to zap? [CE or ?*] ?
 Never mind.
 The tengu appears next to you!
 Something is engraved here on the floor.
 You read: "Elbereth".
 You see no objects here.
 The tengu vanishes and reappears next to you.
 What do you want to zap? [CE or ?*] E
 In what direction? >
 You dig a hole through the floor.
 You fall through...
 You receive a faint telepathic message from the Master of Thieves:
 Your help is urgently needed at the Thieves' Guild Hall!
 Look for a ...ic transporter.
 You couldn't quite make out that last message.
 You die...
 Do you want your possessions identified? [ynq] (y) q

Inventory:
 Coins    ('$')
  $ - 263 gold pieces
 Amulets  ('"')
  T - an uncursed amulet of ESP named ok (being worn)
  Y - an uncursed amulet versus poison named ok
 Weapons  (')')
  r - a +0 long sword (weapon in right hand)
 Armor    ('[')
  J - an uncursed +1 helm of caution (being worn)
  W - an uncursed +0 pair of iron shoes (being worn)
  u - an uncursed +0 shield of shock resistance (being worn)
  U - an uncursed +0 orcish cloak (being worn)
  c - an uncursed +1 leather armor (being worn)
 Comestibles  ('%')
  Q - an uncursed fortune cookie
  f - 2 uncursed eggs
  Z - an uncursed lizard corpse
 Scrolls  ('?')
  N - 2 uncursed scrolls of earth
  S - a blessed scroll of enchant armor
  q - an uncursed scroll of enchant weapon named EW
  L - an uncursed scroll of food detection named ok
  b - a blessed scroll of light
  a - 2 uncursed scrolls of teleportation
 Potions  ('!')
  z - a cursed potion of speed
  h - an uncursed potion of water
 Rings    ('=')
  o - an uncursed ring of conflict named ok
  H - an uncursed ring of fire resistance named ok
  K - an uncursed ring of free action
  m - an uncursed ring of regeneration named ok
  F - an uncursed ring of searching named ok
  y - an uncursed ring of teleport control
 Wands    ('/')
  E - a wand of digging (0:2)
  C - a wand of teleportation (0:6)
 Tools    ('(')
  e - an uncursed lock pick named E
  v - an uncursed lock pick
 Gems/Stones  ('*')
  j - a cursed aquamarine stone
  k - 2 uncursed worthless pieces of blue glass
  l - 3 uncursed worthless pieces of green glass
  s - an uncursed worthless piece of orange glass

Ch3Begorrah the Rogue's attributes:

Background:
 You were a Rogue, level 7 male human.
 You were chaotic, nominally on a mission for Kos
 who was opposed by Issek (lawful) and Mog (neutral).
 You were right-handed.
 You were in the Dungeons of Doom, on level 13.
 You entered the dungeon 4826 turns ago.
 You had 705 experience points, 575 more were needed to attain level 8.

Basics:
 You had 0 out of 56 hit points.
 You had all 34 energy points (spell power).
 Your armor class was 2.
 Your wallet contained 263 zorkmids.
 Autopickup was on for '$!/(' plus thrown, with exceptions.

Final Characteristics:
 Your strength was 15 (limit:18/100).
 Your dexterity was 18 (limit:18).
 Your constitution was 14 (limit:18).
 Your intelligence was 10 (limit:18).
 Your wisdom was 13 (limit:18).
 Your charisma was 11 (limit:18).

Final Status:
 You were hungry.
 You were unencumbered.
 You were wielding a long sword.
 You had basic skill with long sword.

Final Attributes:
 You were piously aligned.
 You were shock resistant.
 Your items were protected from electric shocks.
 You were poison resistant.
 You saw invisible.
 You were telepathic.
 You were warned.
 You were stealthy.
 You were warded.
 You are dead.

Miscellaneous:
 You didn't encounter any bones levels.
 Total elapsed playing time was 1 hour, 13 minutes and 2 seconds.

Major events:
 Turn
    1: Ch3Begorrah the chaotic male human Rogue entered the dungeon
  753: entered the Gnomish Mines
 1021: attained the rank of Cutpurse (level 3)
 3127: entered Sokoban
 4020: attained the rank of Rogue (level 6)
 4826: killed by falling down a mine shaft

You didn't know any spells.

Skills:
 Fighting Skills
   bare handed combat [Unskilled]
   two weapon combat  [Unskilled]
   riding             [Unskilled]
 Weapon Skills
   dagger             [Skilled]
   knife              [Unskilled]
   short sword        [Basic]
   broadsword         [Unskilled]
   long sword         [Basic]
   two-handed sword   [Unskilled]
   saber              [Unskilled]
   club               [Unskilled]
   mace               [Unskilled]
   morning star       [Unskilled]
   flail              [Unskilled]
   hammer             [Unskilled]
   polearms           [Unskilled]
   spear              [Unskilled]
   crossbow           [Unskilled]
   dart               [Unskilled]
   shuriken           [Unskilled]
 Spellcasting Skills
   divination spells  [Unskilled]
   escape spells      [Unskilled]
   matter spells      [Unskilled]

Voluntary challenges:
 Character rerolling was not enabled.
 You followed a strict vegan diet.
 You were an atheist.
 You never genocided any monsters.
 You never polymorphed an object.
 You never changed form.
 You used no wishes.
 You did not violate any of the special Sokoban rules.
Achievements:
 You entered the Gnomish Mines.
 You attained the rank of Cutpurse.
 You entered a shop.
 You entered Sokoban.
 You attained the rank of Rogue.
 You entered a temple.

 The Dungeons of Doom: levels 1 to 13
    Level 1:
    Level 2:
       A sink.
    Level 3:
       A sink.
       Stairs down to The Gnomish Mines.
    Level 4:
       A general store.
    Level 5:
       A ring shop.
    Level 6:
    Level 7:
       A scroll shop, a sink.
       Stairs up to Sokoban, level 6.
    Level 8:
       Some fountains.
    Level 9:
       A fountain.
    Level 10:
       A temple and an altar.
    Level 11:
    Level 12:
    Level 13: <- You were here.
       Summoned by the Master of Thieves.
       Final resting place for
          you, killed by falling down a mine shaft.
 The Gnomish Mines:
    Level 4:
 Sokoban:
    Level 6:
       Unsolved.


Vanquished creatures:
  3 small mimics
  2 giant beetles
  2 wolves
  a scorpion
  a gnome ruler
  2 lizards
  a dust vortex
  a gnome mummy
  a snake
  a water nymph
  6 Uruk-hai
  2 rock piercers
  2 rock moles
  a pony
  a fog cloud
  a shrieker
  a gnome leader
  a gray ooze
  a straw golem
  a little dog
  a floating eye
  2 kittens
  a dwarf
  a homunculus
  a kobold shaman
  4 rothes
  a giant bat
  2 acid blobs
  2 gas spores
  a hobbit
  a large kobold
  a hobgoblin
  7 giant rats
  2 cave spiders
  a brown mold
  a green mold
  a red mold
  4 gnomes
  2 garter snakes
  3 geckos
  a fox
  a kobold
  a goblin
  3 sewer rats
  5 grid bugs
  5 lichens
  a kobold zombie
  9 newts
97 creatures vanquished.

No species were genocided or became extinct.

Game over:
                       ----------
                      /          \
                     /    REST    \
                    /      IN      \
                   /     PEACE      \
                  /                  \
                  |   Ch3Begorrah    |
                  |      263 Au      |
                  |    killed by     |
                  |  falling down a  |
                  |    mine shaft    |
                  |                  |
                  |       2026       |
                 *|     *  *  *      | *
        _________)/\\_//(\/(/\)/\//\/|_)_______

Goodbye Ch3Begorrah the Rogue...

You died in The Dungeons of Doom on dungeon level 13 with 3717 points,
and 263 pieces of gold, after 4826 moves.
You were level 7 with a maximum of 56 hit points when you died.

